 Dungeon Crawl Stone Soup version 0.22.0-38-g04b72b8 (webtiles) character file.

334 Greyaxe the Skirmisher (level 6, -2/53 HPs)
             Began as a Draconian Fighter on Aug 27, 2018.
             Was a Priest of Cheibriados.
             Slain by a gnoll
             ... wielding a cursed +0 club
              (10 damage)
             ... on level 3 of the Dungeon.
             The game lasted 00:12:19 (2956 turns).

Greyaxe the Skirmisher (Draconian Fighter)          Turns: 2956, Time: 00:12:20

Health: -2/53      AC:  6    Str: 27    XL:     6   Next: 27%
Magic:  2/6        EV: 12    Int: 16    God:    Cheibriados [***...]
Gold:   77         SH: 11    Dex: 17    Spells: 5/5 levels left

rFire    . . .     SeeInvis .   a - +0 war axe
rCold    . . .     Gourm    .   b - +0 shield
rNeg     . . .     Faith    .   (armour unavailable)
rPois    .         Spirit   .   (helmet restricted)
rElec    .         Reflect  .   (no cloak)
rCorr    .         Harm     .   (no gloves)
MR       .....                  (no boots)
Stlth    ++........             (no amulet)
HPRegen  0.17/turn              (no ring)
MPRegen  0.10/turn              (no ring)

@: very slow
A: unfitting armour, cold-blooded, AC +6
a: Bend Time, Temporal Distortion, Renounce Religion


You were on level 3 of the Dungeon.
You worshipped Cheibriados.
Cheibriados was most pleased with you.
You were not hungry.

You visited 1 branch of the dungeon, and saw 3 of its levels.

You collected 77 gold pieces.

Inventory:

Hand Weapons
 a - a +0 war axe (weapon)
Missiles
 m - 6 tomahawks of returning (quivered)
Armour
 b - a +0 shield (worn)
 e - a +0 ring mail
 l - a +0 ring mail
Jewellery
 h - an uncursed ring of magical power {unknown}
 j - an uncursed ring of ice {unknown}
Scrolls
 c - 2 scrolls of identify
 i - 2 scrolls of remove curse
 s - a scroll of blinking {unknown}
Potions
 d - a potion of degeneration
 o - a potion of agility {unknown}
 p - a potion of mutation {unknown}
 q - a potion of flight
 r - a potion of curing {unknown}


   Skills:
 + Level 4.6 Fighting
 + Level 4.0 Axes
 + Level 3.9 Dodging
 + Level 0.2 Stealth
 + Level 4.2 Shields
 + Level 0.3 Invocations


You had 5 spell levels left.
You didn't know any spells.
Your spell library was empty.

Dungeon Overview and Level Annotations

Branches:
Dungeon (3/15)

Altars:
Cheibriados
Fedhas


Innate Abilities, Weirdness & Mutations

Your plain brown scales are hard. (AC +6)
You cannot fit into any form of body armour.
You are cold-blooded and may be slowed by cold attacks.


Message History

You block the gnoll's attack. The gnoll closely misses you.
You warp the flow of time around you!
You feel somewhat more hungry.
Your shield prevents you from hitting the gnoll.
The gnoll is moderately wounded.
You slash the gnoll! You barely miss the gnoll. You hit the gnoll.
The gnoll barely misses you. x2; The gnoll splashes around in the water.
You block the gnoll's attack.
You hit the gnoll but do no damage. You tail-slap the gnoll.
The gnoll is heavily wounded.
You hit the gnoll but do no damage. You hit the gnoll. x2
You kill the gnoll!
Cheibriados appreciates the change of pace.
The gnoll barely misses you. You block the gnoll's attack.
The gnoll hits you with a club.
* * * LOW HITPOINT WARNING * * *
As you read the scroll labeled UCIAPLA MURAH, it crumbles to dust.
The creatures around you are filled with an inner flame!
It was a scroll of immolation.
The gnoll splashes around in the water.
You block the gnoll's attack. The gnoll hits you with a club!
You die...

#..........#.#.....#.######
#((......###.#.....#...#...
####..........#...#...#...#.##
#..#(.............#...#...#.#.
#..#..............#>......#.#.
#..#..............#.......#.#.
####.................#.......#.#.
...#########################...##
....).(.......gg@g....P.....#####
≈....≈≈≈≈≈≈≈≈≈≈gg≈≈≈≈≈≈≈....#
≈....≈≈≈≈≈≈≈≈≈≈≈≈≈≈≈≈≈≈≈....#
≈....≈≈≈≈≈≈≈≈≈≈≈≈#####≈≈....#
...).............# gg#≈≈....#
#''''############# .#≈≈....#
#....# ... ##≈≈P...# #....#.g...
.≈≈≈....# '....'..... .≈≈≈....#


You could see a gnoll shaman and 6 gnolls.

Vanquished Creatures
  Purgy (D:3)
  An orc priest (D:3)
  An orc wizard (D:3)
  6 adders
  5 gnolls (D:3)
  A worm (D:2)
  A dart slug (D:2)
  A leopard gecko (D:3)
  3 orcs (D:3)
  7 bats
  3 giant cockroaches
  5 hobgoblins
  14 jackals (D:3)
  A quokka (D:2)
  6 frilled lizards
  9 goblins
  7 kobolds
  6 rats
78 creatures vanquished.

Notes
Turn   | Place    | Note
-------+----------+-------------------------------------------
     0 | D:1      | Greyaxe the Draconian Fighter began the quest for the Orb.
     0 | D:1      | Reached XP level 1. HP: 19/19 MP: 1/1
   641 | D:1      | Reached XP level 2. HP: 26/26 MP: 2/2
  1215 | D:2      | Reached XP level 3. HP: 16/33 MP: 3/3
  1243 | D:2      | Found a faded altar of an unknown god.
  1395 | D:2      | Became a worshipper of Cheibriados the Contemplative
  1395 | D:2      | Reached * piety under Cheibriados
  1795 | D:2      | Found a blossoming altar of Fedhas.
  1842 | D:2      | Reached XP level 4. HP: 37/40 MP: 4/4
  2022 | D:3      | Noticed Purgy
  2024 | D:3      | Reached ** piety under Cheibriados
  2042 | D:3      | Killed Purgy
  2042 | D:3      | Reached XP level 5. HP: 38/46 MP: 2/5
  2529 | D:3      | Reached XP level 6. HP: 53/53 MP: 6/6
  2678 | D:3      | Reached *** piety under Cheibriados
  2956 | D:3      | Slain by a gnoll

Skill      XL: |  1  2  3  4  5  6 |
---------------+-------------------+-----
Dodging        | 3 |  3.9
Fighting       | 4 |  4.6
Axes           | 3 4 |  4.0
Shields        | 4 |  4.2
Stealth        | |  0.2
Invocations    | |  0.3

Action                   |  1- 3 |  4- 6 || total
-------------------------+-------+-------++-------
Melee: War axe           |   105 |    91 ||   196
       Tailslap          |    12 |    15 ||    27
Invok: Bend Time         |       |     2 ||     2
       Temporal Distorti |       |     1 ||     1
  Use: Potion            |     2 |     6 ||     8
       Scroll            |     2 |     1 ||     3
  Eat: Ration            |     1 |     1 ||     2
Armor: Skin              |    64 |    37 ||   101
Dodge: Dodged            |    70 |    87 ||   157
Block: Shield            |    68 |   101 ||   169
